Map: Winter's Gate LE

Players

Harstem

  • Race: Protoss Protoss
  • League: Grandmaster
  • Spawn Location: 11:00

ShoWTimE - Winner!

  • Race: Protoss Protoss
  • League: Grandmaster
  • Spawn Location: 5:00

Event: NationWars 2019

VOD

Have the link to the VOD?

Description

Time

  • Played on: Oct. 11, 2019, 4:32 p.m.
  • Length: 10:23
Show
View Real Time Build Order
Export as new Build Order

Harstem Protoss 

Build Orders: Oracle Opening 

Get SALT Encoding   

  12  0:00  Probe  
  13  0:12  Probe  
  14  0:18  Pylon  
  14  0:24  Probe (Chrono Boost)  
  15  0:37  Probe (Chrono Boost), Gateway  
  16  0:45  Probe (Chrono Boost)  
  16  0:47  Assimilator  
  17  0:51  Probe  
  17  0:55  Assimilator  
  18  1:03  Probe (Chrono Boost)  
  19  1:09  Gateway  
  19  1:14  Probe (Chrono Boost)  
  20  1:20  Probe  
  20  1:24  Cybernetics Core  
  21  1:32  Probe  
  22  1:34  Pylon  
  22  1:44  Probe  
  23  2:00  Stalker  
  28  2:04  Stargate  
  28  2:13  Pylon  
  28  2:14  Warp Gate (Chrono Boost)  
  28  2:18  Probe  
  28  2:23  Stalker  
  28  2:30  Probe  
  28  2:48  Oracle (Chrono Boost)  
  31  2:57  Nexus  
  31  2:58  Probe  
  32  3:10  Probe, Twilight Council  
  33  3:22  Pylon  
  33  3:23  Probe  
  34  3:27  Stalker  
  36  3:40  Pylon  
  36  3:41  Stalker (Chrono Boost)  
  38  3:52  Gateway  
  38  4:02  Shield Battery  
  38  4:05  Shield Battery  
  38  4:06  Stalker  
  38  4:08  Shield Battery  
  40  4:11  Probe  
  41  4:18  Stalker  
  41  4:23  Probe  
  44  4:31  Probe, Sentry  
  46  4:37  Stalker  
  49  4:40  Probe  
  49  4:45  Probe  
  51  4:47  Shield Battery  
  51  4:50  Stalker  
  53  4:56  Stalker  
  55  5:01  Probe  
  52  5:07  Stalker  
  48  5:16  Probe  
  48  5:17  Stalker  
  49  5:21  Stalker  
  47  5:30  Stalker  
  41  5:39  Stalker x2  
  41  5:40  Probe  
  42  5:48  Probe  
  41  5:52  Probe  
  41  5:56  Stalker  
  44  6:00  Stalker, Probe  
  47  6:04  Probe  
  47  6:10  Shield Battery  
  47  6:11  Zealot  
  50  6:16  Probe  
  51  6:18  Probe  
  52  6:27  Sentry, Zealot  
  55  6:33  Stalker  
  55  6:42  Shield Battery  
  50  6:48  Stalker  
  50  6:51  Zealot  
  50  6:52  Probe  
  52  6:57  Stalker  
  52  6:58  Probe  
  54  7:05  Probe  
  55  7:12  Stalker  
  49  7:19  Stalker  
  45  7:26  Stalker  
  40  7:41  Zealot  
  37  7:45  Zealot  
  35  7:52  Stalker  
  27  8:06  Stalker  
  27  8:07  Stalker  
  29  8:18  Stalker  
Show
View Real Time Build Order
Export as new Build Order

ShoWTimE Protoss - Winner!

Build Orders: Phoenix Opening 

Get SALT Encoding   

  12  0:00  Probe  
  13  0:12  Probe  
  14  0:17  Pylon  
  14  0:24  Probe (Chrono Boost)  
  15  0:35  Gateway  
  15  0:37  Probe (Chrono Boost)  
  16  0:44  Probe (Chrono Boost)  
  16  0:47  Assimilator  
  17  0:51  Probe  
  17  0:54  Assimilator  
  18  1:03  Probe (Chrono Boost)  
  19  1:09  Gateway  
  19  1:12  Probe (Chrono Boost)  
  19  1:17  Probe (Chrono Boost)  
  20  1:23  Cybernetics Core  
  21  1:29  Probe  
  22  1:33  Pylon  
  22  1:41  Probe  
  23  1:53  Probe  
  24  2:00  Stalker, Sentry  
  28  2:02  Warp Gate  
  28  2:10  Pylon  
  28  2:26  Stalker  
  28  2:29  Stalker  
  30  2:36  Phoenix  
  32  2:38  Robotics Facility  
  32  2:40  Gateway  
  32  2:45  Shield Battery  
  32  2:58  Stalker  
  34  3:03  Stalker  
  36  3:14  Pylon  
  35  3:22  Warp Prism (Chrono Boost)  
  37  3:49  Stalker x3  
  43  3:57  Pylon  
  43  3:58  Observer  
  44  4:16  Stalker x2  
  48  4:18  Stalker  
  50  4:25  Pylon  
  48  4:47  Stalker x2  
  48  4:50  Stalker  
  52  5:17  Stalker x2  
  52  5:18  Stalker  
  56  5:23  Stalker  
  56  5:26  Pylon  
  40  5:54  Stalker x2  
  40  5:55  Stalker  
  40  5:57  Stalker x3  
  45  6:14  Stalker  
  45  6:15  Stalker x2  
  51  6:35  Stalker x2  
  51  6:36  Stalker  
  53  6:59  Stalker x3  
  49  7:28  Stalker x3  
  49  7:57  Stalker x3  
  37  8:20  Stalker  
  37  8:21  Stalker x2  
Tags
 
Add a new tag
Caveats
  • Supply blocks, unpowered buildings, or Contaminate may cause inaccurate times.
  • Supply counts are checked every 10 seconds.